AoeStats
← Michi3052

Arena

510387463Analyzed
1v1 RM · 24h ago on Sep 30, 2026· 34m 1s· 2 players
Game mode
Random Map
Map size
Tiny (2 player)
Population
200
Speed
Normal
Resources
Standard
Victory
Conquest
Starting age
Dark Age
Ending age
Imperial Age
RankedLock teamsTeams togetherTeam positionsShared explorationLock speedFull tech treeHidden civsTurbo modeCheats
Victory
Defeat
🇪🇸 Turks · Spain
682
+15
🇲🇽 Japanese · Mexico
658
-15
erickalejandrozagal
10:02 Feudal Age
12:50 Loom
13:26 Man-at-Arms
13:55 Horse Collar
18:06 Scale Mail Armor
22:18 Castle Age
21:53 Stone Mining
22:23 Long Swordsman
32:32 Imperial Age
30:37 Padded Archer Armor
30:49 Elite Skirmisher
33:15 Padded Archer Armor
Michi3052
12:10 Feudal Age
13:00 Double-Bit Axe
17:45 Castle Age
16:07 Horse Collar
25:11 Imperial Age
23:58 Heavy Plow
24:42 Bow Saw
24:30 Fletching
25:37 Wheelbarrow
26:34 Gold Mining
27:41 Bodkin Arrow
32:15 Bracer
32:17 Padded Archer Armor
Connection lost

Rejoining the realm…

Still unreachable

The connection could not be restored.

Session expired

The server has moved on; the page needs a fresh start.